AoeStats
← Mac Demarco

Black Forest

510165262Analyzed
3v3 RM · 2d ago on Sep 29, 2026· 44m 40s· 6 players
Game mode
Random Map
Map size
Normal (6 player)
Population
200
Speed
Normal
Resources
Standard
Victory
Conquest
Starting age
Dark Age
Ending age
Imperial Age
RankedLock teamsTeams togetherTeam positionsShared explorationLock speedFull tech treeHidden civsTurbo modeCheats
Victory
Defeat
🇵🇹 Spanish · Portugal
932
+15
🇹🇷 Burgundians · Türkiye
909
+16
🇨🇱 Ethiopians · Chile
880
+17
971
-18
🇸🇪 Spanish · Sweden
902
-16
🇪🇸 Lithuanians · Spain
868
-14
dodo_kkl
5:17 Loom
5:28 Double-Bit Axe
13:11 Feudal Age
13:12 Gold Mining
13:46 Horse Collar
15:08 Bow Saw
15:38 Gold Shaft Mining
14:36 Man-at-Arms
22:56 Castle Age
25:26 Cavalier
27:22 Heavy Plow
27:29 Stone Mining
29:02 Stone Shaft Mining
29:05 Crop Rotation
29:46 Two-Man Saw
36:23 Imperial Age
34:45 Scale Barding Armor
35:38 Husbandry
38:44 Chemistry
38:51 Wheelbarrow
39:05 Forging
40:07 Chain Barding Armor
39:51 Squires
40:15 Conscription
39:26 Paladin
42:25 Plate Barding Armor
44:46 Flemish Revolution
Necropulpectomía
0:27 Loom
14:10 Feudal Age
15:28 Wheelbarrow
14:41 Double-Bit Axe
14:38 Horse Collar
20:35 Castle Age
21:46 Hand Cart
29:17 Heavy Plow
33:34 Imperial Age
32:58 Ballistics
32:53 Fletching
33:07 Gold Mining
33:30 Bow Saw
33:30 Thumb Ring
34:37 Bodkin Arrow
35:46 Chemistry
34:52 Siege Engineers
34:13 Crossbowman
35:23 Arbalester
36:21 Bracer
37:28 Padded Archer Armor
39:02 Two-Man Saw
39:38 Gold Shaft Mining
38:53 Stone Mining
41:45 Stone Shaft Mining
Mac Demarco
1:44 Loom
12:51 Feudal Age
18:07 Castle Age
21:56 Horse Collar
22:06 Double-Bit Axe
22:16 Gold Mining
33:23 Imperial Age
32:32 Ballistics
32:09 Murder Holes
32:32 Heavy Plow
32:46 Bow Saw
34:07 Wheelbarrow
33:40 Scale Barding Armor
33:36 Scale Mail Armor
33:46 Forging
33:27 Fletching
33:40 Husbandry
33:51 Bloodlines
33:06 Pikeman
33:46 Squires
33:44 Halberdier
35:06 Conscription
35:34 Hand Cart
35:46 Chain Barding Armor
35:41 Chain Mail Armor
35:35 Cavalier
37:11 Paladin
39:08 Caravan
40:57 Plate Barding Armor
40:53 Plate Mail Armor
40:59 Iron Casting
TuProblematicBebé
0:44 Loom
13:05 Feudal Age
18:38 Castle Age
16:37 Double-Bit Axe
16:36 Horse Collar
24:33 Bow Saw
25:17 Wheelbarrow
25:00 Gold Mining
26:37 Heavy Plow
26:28 Stone Mining
27:15 Gold Shaft Mining
31:44 Imperial Age
29:30 Hand Cart
29:02 Town Watch
30:23 Squires
30:25 Padded Archer Armor
30:28 Grand Trunk Road
30:48 Caravan
32:32 Leather Archer Armor
32:34 Fortified Wall
33:28 Chemistry
32:42 Fortified Wall
32:58 Shatagni
33:19 Conscription
36:59 Ring Archer Armor
36:22 Fletching
36:56 Ballistics
40:02 Coinage
39:54 Siege Engineers
41:43 Pikeman
plin plin
3:21 Loom
16:35 Feudal Age
21:57 Double-Bit Axe
21:55 Horse Collar
22:13 Stone Mining
24:53 Castle Age
22:52 Gold Mining
26:18 Fletching
35:36 Wheelbarrow
35:25 Heavy Plow
35:44 Bow Saw
36:17 Stone Shaft Mining
35:48 Town Watch
37:58 Scale Barding Armor
38:04 Forging
38:37 Hand Cart
38:45 Husbandry
38:56 Bloodlines
38:07 Light Cavalry
41:59 Imperial Age
42:09 Imperial Age
39:49 Treadmill Crane
40:15 Husbandry
40:25 Bloodlines
41:24 Sanctity
41:28 Fervor
41:33 Redemption
42:02 Chain Barding Armor
pakojones
10:59 Feudal Age
9:18 Loom
12:09 Double-Bit Axe
16:20 Man-at-Arms
23:08 Castle Age
29:40 Horse Collar
30:40 Caravan
35:38 Bow Saw
38:29 Imperial Age
35:47 Town Watch
36:38 Wheelbarrow
36:14 Scale Barding Armor
36:09 Scale Mail Armor
37:28 Fortified Wall
37:24 Gold Mining
37:26 Stone Mining
39:58 Chain Barding Armor
39:39 Scale Mail Armor
39:49 Forging
39:30 Fletching
39:40 Padded Archer Armor
41:03 Bloodlines
40:19 Cavalier
41:04 Husbandry
Connection lost

Rejoining the realm…

Still unreachable

The connection could not be restored.

Session expired

The server has moved on; the page needs a fresh start.